[ PARTIDA AOE2 · #482215312 ]
UnrankedFrancos vs Celts
[ ANÁLISIS DE REPETICIÓN · EXTRAÍDO DE LA PARTIDA GRABADA ]
Feudal
11:02
Castillos
17:31
Imperial
30:07
| APM promedio | 14.6 |
| APM pico | 36 |
| eAPM promedio | 10.0 |
| Aldeanos / militares | 95 / 43 |
Foco
⚔️ 25.9% · 🌾 74.1%
Knight ×38 · Trebuchet (Packed) ×4 · Monk ×1
Feudal
12:59
Castillos
17:46
Imperial
41:43
| APM promedio | 20.2 |
| APM pico | 77 |
| eAPM promedio | 15.1 |
| Aldeanos / militares | 91 / 97 |
Foco
⚔️ 38.2% · 🌾 61.8%
Woad Raider ×31 · Spearman ×30 · Scorpion ×22 · Skirmisher ×6 · Battering Ram ×6 · Militia ×2
Feudal
—
Castillos
—
Imperial
—
| APM promedio | 17.9 |
| APM pico | 55 |
| eAPM promedio | 9.2 |
| Aldeanos / militares | 46 / 45 |
Foco
⚔️ 25.9% · 🌾 74.1%
Skirmisher ×25 · Spearman ×6 · Battering Ram ×4 · Cavalry Archer ×4 · Mangonel ×3 · Conquistador ×2
Feudal
10:02
Castillos
16:40
Imperial
28:03
| APM promedio | 23.2 |
| APM pico | 67 |
| eAPM promedio | 10.3 |
| Aldeanos / militares | 63 / 44 |
Foco
⚔️ 16.5% · 🌾 83.5%
Janissary ×30 · Bombard Cannon ×6 · Hand Cannoneer ×5 · Spearman ×2 · Monk ×1
Feudal
12:55
Castillos
20:48
Imperial
38:41
| APM promedio | 11.8 |
| APM pico | 29 |
| eAPM promedio | 7.2 |
| Aldeanos / militares | 89 / 41 |
Foco
⚔️ 17.2% · 🌾 82.8%
Skirmisher ×35 · Mameluke ×6
Feudal
9:43
Castillos
19:27
Imperial
34:18
| APM promedio | 26.6 |
| APM pico | 58 |
| eAPM promedio | 15.0 |
| Aldeanos / militares | 139 / 105 |
Foco
⚔️ 25.6% · 🌾 74.4%
Cavalry Archer ×57 · Scout Cavalry ×38 · Trebuchet (Packed) ×4 · Steppe Lancer ×3 · Archer ×2 · Monk ×1
Feudal
12:01
Castillos
16:53
Imperial
—
| APM promedio | 15.0 |
| APM pico | 59 |
| eAPM promedio | 5.9 |
| Aldeanos / militares | 47 / 10 |
Foco
⚔️ 15.7% · 🌾 84.3%
Ghulam ×4 · Spearman ×4 · Camel Scout ×2
Feudal
9:57
Castillos
21:37
Imperial
36:55
| APM promedio | 24.9 |
| APM pico | 61 |
| eAPM promedio | 15.0 |
| Aldeanos / militares | 106 / 64 |
Foco
⚔️ 25.4% · 🌾 74.6%
Fire Lancer ×61 · Trebuchet (Packed) ×2 · Monk ×1
Mapa de la partida
Recursos iniciales + cada clic de construcción. Líneas = muros · curvas = relieve. ◆ oro · ⬟ piedra · ● bayas · ✦ reliquia · ◌ hueco del cierre
Tu base· ✓ Cerrada en 17:31 · 29t muro · 2 puerta(s)
Base de [512] kdyer3827· ✓ Cerrada en 17:46 · 5t muro · 1 puerta(s)
Base de Javier137649· ✓ Cerrada en 15:19 · 19t muro · 2 puerta(s)
Base de akatrikh· ✓ Cerrada en 16:40 · 2t muro · 2 puerta(s)
Base de Sumerian· ✓ Cerrada en 20:48 · 0t muro · 2 puerta(s)
Base de mcasarico2021· ✓ Cerrada en 19:27 · 1t muro · 1 puerta(s)
Base de ageofscarlet· ✓ Cerrada en 16:53 · 12t muro · 1 puerta(s)
Base de chairtablelamp· Abierta — hueco de 1t
Terreno inicial suavizado · ◌ = hueco del cierre detectado · pasá el cursor para detalles
Inputs por minuto
— Daedalus - - [512] kdyer3827
Build order — Daedalus
Primeras 150 de 244 acciones detectadas
| 0:01 | Crear | Villager (Male) |
| 0:02 | Crear | Villager (Male) |
| 0:02 | Crear | Villager (Male) |
| 0:02 | Crear | Villager (Male) |
| 0:03 | Construir | House |
| 0:06 | Construir | House |
| 1:29 | Crear | Villager (Male) |
| 1:30 | Crear | Villager (Male) |
| 1:50 | Crear | Villager (Male) |
| 1:51 | Crear | Villager (Male) |
| 2:29 | Crear | Villager (Male) |
| 2:29 | Crear | Villager (Male) |
| 2:48 | Crear | Villager (Male) |
| 3:09 | Crear | Villager (Male) |
| 3:37 | Crear | Villager (Male) |
| 3:37 | Crear | Villager (Male) |
| 4:14 | Construir | House |
| 4:17 | Crear | Villager (Male) |
| 4:29 | Crear | Villager (Male) |
| 4:38 | Construir | House |
| 4:44 | Construir | Mill |
| 4:45 | Crear | Villager (Male) |
| 4:46 | Crear | Villager (Male) |
| 5:03 | Crear | Villager (Male) |
| 6:01 | Crear | Villager (Male) |
| 6:20 | Crear | Villager (Male) |
| 6:35 | Crear | Villager (Male) |
| 7:03 | Crear | Villager (Male) |
| 7:40 | Crear | Villager (Male) |
| 8:16 | Construir | Lumber Camp |
| 8:27 | Investigar | Loom |
| 8:51 | Investigar | Feudal Age |
| 9:22 | Crear | Villager (Male) |
| 9:36 | Crear | Villager (Male) |
| 9:54 | Construir | House |
| 10:30 | Construir | House |
| 10:46 | Construir | Mining Camp |
| 11:02 | Edad | Edad Feudal |
| 11:05 | Construir | Blacksmith |
| 11:07 | Crear | Villager (Male) |
| 11:36 | Investigar | Wheelbarrow |
| 11:37 | Investigar | Double-Bit Axe |
| 11:42 | Crear | Villager (Male) |
| 12:07 | Construir | Stone Wall |
| 12:10 | Construir | Gate |
| 12:13 | Crear | Villager (Male) |
| 12:30 | Construir | Market |
| 12:32 | Crear | Villager (Male) |
| 12:40 | Construir | Farm |
| 12:52 | Construir | Farm |
| 12:58 | Construir | Farm |
| 13:24 | Crear | Villager (Male) |
| 13:52 | Construir | Farm |
| 13:54 | Crear | Villager (Male) |
| 14:51 | Investigar | Castle Age |
| 14:56 | Construir | Farm |
| 14:58 | Construir | Farm |
| 15:01 | Construir | Farm |
| 15:07 | Construir | Farm |
| 15:11 | Construir | Farm |
| 15:14 | Construir | Farm |
| 15:21 | Crear | Villager (Male) |
| 15:27 | Construir | Barracks |
| 16:47 | Crear | Villager (Male) |
| 17:06 | Construir | Stone Wall |
| 17:10 | Construir | Gate |
| 17:31 | Edad | Edad de los Castillos |
| 17:35 | Construir | Town Center |
| 17:46 | Construir | Town Center |
| 17:53 | Crear | Villager (Male) |
| 18:29 | Crear | Villager (Male) |
| 18:44 | Crear | Villager (Male) |
| 18:44 | Crear | Villager (Male) |
| 18:44 | Crear | Villager (Male) |
| 18:55 | Crear | Villager (Male) |
| 18:55 | Crear | Villager (Male) |
| 18:56 | Crear | Villager (Male) |
| 19:18 | Crear | Villager (Male) |
| 19:27 | Construir | Farm |
| 19:31 | Construir | Farm |
| 19:32 | Crear | Villager (Male) |
| 19:33 | Crear | Villager (Male) |
| 19:50 | Investigar | Man-at-Arms (upgrade) |
| 20:03 | Crear | Villager (Male) |
| 20:15 | Construir | House |
| 20:18 | Construir | House |
| 20:19 | Crear | Villager (Male) |
| 20:29 | Crear | Villager (Male) |
| 20:42 | Construir | Farm |
| 20:51 | Crear | Villager (Male) |
| 21:01 | Crear | Villager (Male) |
| 21:04 | Crear | Villager (Male) |
| 21:09 | Construir | Farm |
| 21:11 | Construir | Farm |
| 21:14 | Construir | Farm |
| 21:20 | Crear | Villager (Male) |
| 21:20 | Crear | Villager (Male) |
| 21:27 | Crear | Villager (Male) |
| 21:37 | Crear | Villager (Male) |
| 21:56 | Crear | Villager (Male) |
| 22:07 | Crear | Villager (Male) |
| 22:08 | Crear | Villager (Male) |
| 22:21 | Construir | House |
| 22:22 | Crear | Villager (Male) |
| 22:31 | Construir | Monastery |
| 22:35 | Crear | Villager (Male) |
| 22:36 | Crear | Villager (Male) |
| 22:46 | Crear | Villager (Male) |
| 23:09 | Crear | Monk |
| 23:12 | Construir | House |
| 23:16 | Construir | House |
| 23:17 | Construir | House |
| 23:18 | Crear | Villager (Male) |
| 23:19 | Crear | Villager (Male) |
| 23:48 | Construir | University |
| 23:52 | Crear | Villager (Male) |
| 23:52 | Crear | Villager (Male) |
| 24:03 | Investigar | Hand Cart |
| 24:04 | Investigar | Hand Cart |
| 24:23 | Crear | Villager (Male) |
| 24:24 | Crear | Villager (Male) |
| 24:31 | Construir | House |
| 24:32 | Construir | House |
| 24:36 | Crear | Villager (Male) |
| 24:37 | Crear | Villager (Male) |
| 24:39 | Construir | Farm |
| 25:00 | Construir | Farm |
| 25:05 | Construir | Farm |
| 25:12 | Construir | Farm |
| 25:15 | Construir | Farm |
| 25:36 | Construir | House |
| 25:37 | Construir | House |
| 26:16 | Construir | Farm |
| 26:35 | Construir | Castle |
| 26:43 | Construir | House |
| 26:57 | Investigar | Imperial Age |
| 26:58 | Investigar | Imperial Age |
| 27:05 | Crear | Villager (Male) |
| 27:05 | Crear | Villager (Male) |
| 27:06 | Crear | Villager (Male) |
| 27:28 | Construir | House |
| 27:31 | Crear | Villager (Male) |
| 27:31 | Crear | Villager (Male) |
| 27:32 | Crear | Villager (Male) |
| 27:32 | Crear | Villager (Male) |
| 27:37 | Construir | Mining Camp |
| 27:59 | Construir | Farm |
| 28:03 | Construir | Farm |
| 28:07 | Construir | Farm |
| 28:31 | Construir | Castle |
Build order — [512] kdyer3827
Primeras 150 de 301 acciones detectadas
| 0:02 | Crear | Villager (Male) |
| 0:04 | Crear | Villager (Male) |
| 0:06 | Construir | House |
| 0:08 | Construir | House |
| 0:37 | Crear | Villager (Male) |
| 1:02 | Crear | Villager (Male) |
| 1:51 | Construir | Lumber Camp |
| 2:04 | Crear | Villager (Male) |
| 2:05 | Crear | Villager (Male) |
| 2:58 | Crear | Villager (Male) |
| 3:32 | Construir | House |
| 3:33 | Crear | Villager (Male) |
| 3:34 | Crear | Villager (Male) |
| 4:11 | Crear | Villager (Male) |
| 4:27 | Construir | Mill |
| 4:35 | Crear | Villager (Male) |
| 5:20 | Crear | Villager (Male) |
| 5:20 | Crear | Villager (Male) |
| 6:03 | Crear | Villager (Male) |
| 6:27 | Construir | House |
| 6:42 | Construir | Farm |
| 6:43 | Crear | Villager (Male) |
| 7:05 | Construir | House |
| 7:18 | Crear | Villager (Male) |
| 7:19 | Crear | Villager (Male) |
| 7:35 | Crear | Villager (Male) |
| 7:37 | Crear | Villager (Male) |
| 8:07 | Construir | Palisade Wall |
| 8:11 | Construir | Palisade Wall |
| 8:26 | Crear | Villager (Male) |
| 8:37 | Construir | Farm |
| 8:56 | Construir | Farm |
| 9:21 | Construir | Palisade Wall |
| 9:27 | Construir | Palisade Gate |
| 9:34 | Crear | Villager (Male) |
| 9:34 | Crear | Villager (Male) |
| 9:34 | Crear | Villager (Male) |
| 9:34 | Crear | Villager (Male) |
| 9:45 | Construir | Lumber Camp |
| 10:16 | Construir | Mining Camp |
| 10:30 | Crear | Villager (Male) |
| 10:40 | Investigar | Feudal Age |
| 10:56 | Construir | Barracks |
| 11:21 | Construir | Farm |
| 11:23 | Construir | Farm |
| 11:56 | Construir | Mining Camp |
| 12:59 | Edad | Edad Feudal |
| 13:04 | Investigar | Double-Bit Axe |
| 13:09 | Crear | Villager (Male) |
| 13:10 | Crear | Villager (Male) |
| 13:26 | Construir | Blacksmith |
| 13:48 | Construir | Market |
| 13:52 | Crear | Villager (Male) |
| 13:52 | Crear | Villager (Male) |
| 14:35 | Construir | Farm |
| 14:47 | Construir | House |
| 15:06 | Investigar | Castle Age |
| 15:29 | Investigar | Scale Mail Armor |
| 15:36 | Construir | Barracks |
| 15:42 | Crear | Spearman |
| 15:42 | Crear | Spearman |
| 15:43 | Crear | Spearman |
| 15:50 | Construir | Farm |
| 16:03 | Investigar | Horse Collar |
| 16:46 | Construir | House |
| 16:55 | Crear | Spearman |
| 16:55 | Crear | Spearman |
| 17:01 | Investigar | Forging |
| 17:28 | Construir | Outpost |
| 17:29 | Construir | Outpost |
| 17:31 | Construir | Outpost |
| 17:38 | Construir | Outpost |
| 17:46 | Edad | Edad de los Castillos |
| 17:50 | Investigar | Wheelbarrow |
| 18:01 | Investigar | Stone Mining |
| 18:38 | Investigar | Bow Saw |
| 18:47 | Construir | Farm |
| 18:50 | Construir | Farm |
| 19:09 | Crear | Villager (Male) |
| 19:09 | Crear | Villager (Male) |
| 19:42 | Investigar | Loom |
| 19:44 | Crear | Villager (Male) |
| 19:45 | Crear | Villager (Male) |
| 20:02 | Construir | Outpost |
| 20:13 | Construir | Castle |
| 20:41 | Crear | Villager (Male) |
| 20:41 | Crear | Villager (Male) |
| 20:45 | Investigar | Heavy Plow |
| 21:12 | Crear | Villager (Male) |
| 21:23 | Crear | Spearman |
| 21:23 | Crear | Spearman |
| 22:13 | Construir | House |
| 22:26 | Investigar | Pikeman (upgrade) |
| 22:37 | Construir | Mining Camp |
| 22:42 | Construir | Archery Range |
| 22:52 | Construir | Archery Range |
| 23:01 | Crear | Woad Raider |
| 23:01 | Crear | Woad Raider |
| 23:01 | Crear | Woad Raider |
| 23:01 | Crear | Woad Raider |
| 23:24 | Construir | Farm |
| 23:26 | Crear | Villager (Male) |
| 23:26 | Crear | Villager (Male) |
| 24:00 | Construir | Town Center |
| 24:05 | Crear | Woad Raider |
| 24:05 | Crear | Woad Raider |
| 24:15 | Crear | Skirmisher |
| 24:15 | Crear | Skirmisher |
| 24:15 | Crear | Skirmisher |
| 24:36 | Crear | Villager (Male) |
| 24:37 | Crear | Villager (Male) |
| 24:47 | Construir | Farm |
| 24:49 | Construir | Farm |
| 24:50 | Construir | Farm |
| 24:59 | Crear | Villager (Male) |
| 25:00 | Crear | Villager (Male) |
| 25:00 | Crear | Villager (Male) |
| 25:41 | Construir | Siege Workshop |
| 25:54 | Crear | Woad Raider |
| 25:59 | Crear | Villager (Male) |
| 26:07 | Crear | Villager (Male) |
| 26:07 | Crear | Villager (Male) |
| 26:07 | Crear | Villager (Male) |
| 26:17 | Crear | Villager (Male) |
| 26:20 | Crear | Villager (Male) |
| 26:51 | Crear | Battering Ram |
| 26:52 | Crear | Battering Ram |
| 26:53 | Crear | Battering Ram |
| 27:18 | Construir | Siege Workshop |
| 27:25 | Crear | Woad Raider |
| 27:26 | Crear | Woad Raider |
| 27:26 | Crear | Woad Raider |
| 27:28 | Crear | Villager (Male) |
| 27:37 | Construir | Farm |
| 27:42 | Construir | Farm |
| 27:49 | Construir | Farm |
| 27:51 | Construir | Farm |
| 27:52 | Construir | Farm |
| 27:58 | Crear | Villager (Male) |
| 27:58 | Crear | Villager (Male) |
| 28:02 | Construir | House |
| 28:06 | Construir | House |
| 28:25 | Construir | House |
| 28:35 | Investigar | Elite Skirmisher (upgrade) |
| 28:36 | Crear | Skirmisher |
| 28:36 | Crear | Skirmisher |
| 28:36 | Crear | Skirmisher |
| 28:46 | Crear | Villager (Male) |
| 28:47 | Crear | Villager (Male) |
| 28:59 | Construir | Town Center |
Build order — Javier137649
Primeras 150 de 195 acciones detectadas
| 0:03 | Investigar | Loom |
| 0:03 | Crear | Villager (Male) |
| 0:04 | Crear | Villager (Male) |
| 0:04 | Crear | Villager (Male) |
| 0:04 | Crear | Villager (Male) |
| 0:07 | Construir | House |
| 0:08 | Construir | House |
| 2:33 | Crear | Villager (Male) |
| 2:33 | Crear | Villager (Male) |
| 3:32 | Construir | House |
| 3:39 | Construir | House |
| 3:42 | Construir | House |
| 3:45 | Construir | House |
| 3:48 | Construir | Palisade Wall |
| 4:00 | Construir | Palisade Gate |
| 4:09 | Crear | Villager (Male) |
| 4:47 | Crear | Villager (Male) |
| 4:47 | Crear | Villager (Male) |
| 4:48 | Crear | Villager (Male) |
| 5:30 | Crear | Villager (Male) |
| 5:30 | Crear | Villager (Male) |
| 6:06 | Crear | Villager (Male) |
| 6:23 | Crear | Villager (Male) |
| 6:23 | Crear | Villager (Male) |
| 6:23 | Crear | Villager (Male) |
| 6:24 | Crear | Villager (Male) |
| 6:45 | Construir | Lumber Camp |
| 6:48 | Crear | Villager (Male) |
| 7:51 | Crear | Villager (Male) |
| 8:02 | Crear | Villager (Male) |
| 8:41 | Construir | Mill |
| 9:25 | Investigar | Feudal Age |
| 9:35 | Construir | Mining Camp |
| 9:51 | Construir | Mining Camp |
| 10:23 | Crear | Villager (Male) |
| 10:24 | Crear | Villager (Male) |
| 12:08 | Construir | Market |
| 12:12 | Construir | Blacksmith |
| 12:50 | Crear | Villager (Male) |
| 12:51 | Crear | Villager (Male) |
| 13:58 | Construir | Outpost |
| 14:48 | Construir | Stone Wall |
| 15:04 | Construir | Stone Wall |
| 15:10 | Construir | Gate |
| 15:19 | Investigar | Castle Age |
| 16:16 | Crear | Villager (Male) |
| 16:16 | Crear | Villager (Male) |
| 16:40 | Construir | Barracks |
| 16:43 | Construir | House |
| 16:46 | Construir | House |
| 16:56 | Crear | Villager (Male) |
| 17:44 | Construir | Stone Wall |
| 18:16 | Construir | Outpost |
| 18:18 | Construir | Outpost |
| 18:45 | Construir | Archery Range |
| 18:50 | Crear | Spearman |
| 18:50 | Crear | Spearman |
| 18:51 | Crear | Villager (Male) |
| 18:52 | Crear | Villager (Male) |
| 19:24 | Construir | Castle |
| 19:36 | Crear | Spearman |
| 19:38 | Crear | Spearman |
| 19:42 | Crear | Cavalry Archer |
| 19:43 | Crear | Cavalry Archer |
| 19:45 | Construir | House |
| 19:46 | Construir | House |
| 20:05 | Construir | Outpost |
| 20:18 | Crear | Cavalry Archer |
| 20:20 | Crear | Villager (Male) |
| 20:20 | Crear | Villager (Male) |
| 20:23 | Construir | Farm |
| 20:24 | Construir | Farm |
| 20:25 | Construir | Farm |
| 20:52 | Construir | Outpost |
| 20:59 | Crear | Cavalry Archer |
| 21:05 | Crear | Spearman |
| 21:06 | Crear | Spearman |
| 21:18 | Construir | Castle |
| 21:38 | Construir | Siege Workshop |
| 22:01 | Construir | Stone Wall |
| 22:05 | Construir | Gate |
| 22:15 | Construir | Mining Camp |
| 22:19 | Crear | Villager (Male) |
| 22:24 | Construir | Farm |
| 22:25 | Construir | Farm |
| 22:25 | Construir | Farm |
| 22:25 | Construir | Farm |
| 22:25 | Construir | Farm |
| 22:26 | Construir | Farm |
| 22:41 | Construir | Farm |
| 22:44 | Construir | Farm |
| 22:49 | Construir | Farm |
| 22:51 | Construir | Farm |
| 22:53 | Crear | Villager (Male) |
| 22:53 | Crear | Villager (Male) |
| 23:29 | Construir | House |
| 23:34 | Construir | House |
| 23:41 | Construir | Palisade Wall |
| 23:49 | Construir | House |
| 24:04 | Construir | Palisade Wall |
| 24:05 | Construir | Palisade Wall |
| 24:12 | Construir | Palisade Gate |
| 24:23 | Construir | Palisade Wall |
| 24:30 | Crear | Mangonel |
| 24:35 | Crear | Battering Ram |
| 24:49 | Crear | Villager (Male) |
| 24:50 | Crear | Villager (Male) |
| 25:11 | Construir | Stone Wall |
| 25:14 | Construir | Gate |
| 25:58 | Crear | Villager (Male) |
| 25:58 | Crear | Villager (Male) |
| 26:01 | Construir | Farm |
| 26:02 | Construir | Farm |
| 26:09 | Crear | Villager (Male) |
| 26:11 | Investigar | Double-Bit Axe |
| 26:19 | Crear | Battering Ram |
| 27:04 | Crear | Battering Ram |
| 27:08 | Crear | Villager (Male) |
| 27:08 | Crear | Villager (Male) |
| 27:08 | Crear | Villager (Male) |
| 27:33 | Crear | Conquistador |
| 27:33 | Crear | Conquistador |
| 27:41 | Investigar | Fletching |
| 27:49 | Crear | Villager (Male) |
| 27:49 | Crear | Villager (Male) |
| 28:00 | Construir | Farm |
| 28:06 | Construir | Farm |
| 28:44 | Crear | Battering Ram |
| 29:02 | Construir | Farm |
| 29:04 | Construir | Farm |
| 29:07 | Crear | Villager (Male) |
| 29:07 | Crear | Villager (Male) |
| 30:42 | Construir | Monastery |
| 31:15 | Investigar | Imperial Age |
| 31:24 | Construir | Siege Workshop |
| 31:41 | Construir | Stone Wall |
| 32:08 | Construir | Mining Camp |
| 32:38 | Construir | Stone Wall |
| 32:43 | Construir | Stone Wall |
| 33:31 | Crear | Mangonel |
| 33:46 | Construir | Farm |
| 33:55 | Crear | Mangonel |
| 34:03 | Construir | Stone Wall |
| 34:45 | Construir | Palisade Wall |
| 34:49 | Construir | House |
| 34:50 | Construir | House |
| 34:54 | Construir | House |
| 34:56 | Construir | House |
| 34:58 | Construir | House |
| 35:07 | Construir | Archery Range |
Build order — akatrikh
147 acciones detectadas en el replay
| 0:01 | Crear | Villager (Male) |
| 0:01 | Crear | Villager (Male) |
| 0:01 | Crear | Villager (Male) |
| 0:02 | Crear | Villager (Male) |
| 0:02 | Crear | Villager (Male) |
| 0:04 | Construir | House |
| 0:05 | Construir | House |
| 1:35 | Crear | Villager (Male) |
| 1:45 | Construir | Lumber Camp |
| 1:49 | Crear | Villager (Male) |
| 2:30 | Crear | Villager (Male) |
| 3:20 | Crear | Villager (Male) |
| 3:41 | Crear | Villager (Male) |
| 4:13 | Construir | House |
| 4:20 | Construir | Mill |
| 4:22 | Crear | Villager (Male) |
| 4:22 | Crear | Villager (Male) |
| 5:17 | Crear | Villager (Male) |
| 5:18 | Crear | Villager (Male) |
| 5:22 | Crear | Villager (Male) |
| 5:23 | Crear | Villager (Male) |
| 6:25 | Construir | Palisade Gate |
| 6:30 | Construir | House |
| 6:34 | Construir | Palisade Wall |
| 6:35 | Construir | Palisade Wall |
| 6:38 | Crear | Villager (Male) |
| 6:50 | Investigar | Loom |
| 7:52 | Investigar | Feudal Age |
| 8:44 | Construir | Mining Camp |
| 9:29 | Construir | Barracks |
| 9:50 | Construir | Palisade Gate |
| 10:01 | Crear | Villager (Male) |
| 10:01 | Crear | Villager (Male) |
| 10:02 | Edad | Edad Feudal |
| 11:00 | Investigar | Double-Bit Axe |
| 11:11 | Construir | House |
| 11:37 | Crear | Spearman |
| 11:37 | Crear | Spearman |
| 12:02 | Crear | Villager (Male) |
| 12:02 | Crear | Villager (Male) |
| 12:19 | Construir | Blacksmith |
| 13:02 | Construir | Market |
| 14:00 | Investigar | Castle Age |
| 14:44 | Construir | Archery Range |
| 14:55 | Construir | House |
| 15:21 | Construir | Lumber Camp |
| 16:40 | Edad | Edad de los Castillos |
| 16:48 | Construir | Town Center |
| 17:04 | Investigar | Bow Saw |
| 17:09 | Crear | Villager (Male) |
| 17:09 | Crear | Villager (Male) |
| 17:10 | Crear | Villager (Male) |
| 17:10 | Crear | Villager (Male) |
| 17:22 | Crear | Villager (Male) |
| 18:31 | Crear | Villager (Male) |
| 18:31 | Crear | Villager (Male) |
| 18:54 | Construir | Farm |
| 18:55 | Construir | Farm |
| 19:01 | Construir | Farm |
| 19:01 | Construir | Farm |
| 19:06 | Investigar | Horse Collar |
| 19:36 | Crear | Villager (Male) |
| 19:37 | Crear | Villager (Male) |
| 20:14 | Construir | University |
| 20:58 | Construir | Monastery |
| 21:11 | Crear | Villager (Male) |
| 21:11 | Crear | Villager (Male) |
| 21:11 | Crear | Villager (Male) |
| 21:12 | Crear | Villager (Male) |
| 22:02 | Construir | Castle |
| 22:39 | Construir | Farm |
| 22:39 | Construir | Farm |
| 22:39 | Construir | Farm |
| 23:17 | Construir | Siege Workshop |
| 23:26 | Construir | House |
| 24:53 | Investigar | Imperial Age |
| 25:05 | Construir | Farm |
| 25:05 | Construir | Farm |
| 25:05 | Construir | Farm |
| 25:06 | Construir | Farm |
| 25:07 | Construir | Farm |
| 26:30 | Construir | Siege Workshop |
| 26:34 | Crear | Janissary ×4 |
| 27:12 | Construir | Stone Wall |
| 27:25 | Crear | Villager (Male) |
| 27:25 | Crear | Villager (Male) |
| 27:26 | Crear | Villager (Male) |
| 27:26 | Crear | Villager (Male) |
| 27:35 | Construir | Town Center |
| 28:03 | Edad | Edad Imperial |
| 28:20 | Crear | Bombard Cannon |
| 28:21 | Crear | Bombard Cannon |
| 28:21 | Crear | Bombard Cannon |
| 28:49 | Crear | Janissary ×5 |
| 29:10 | Crear | Villager (Male) |
| 29:10 | Crear | Villager (Male) |
| 30:08 | Crear | Bombard Cannon |
| 30:28 | Construir | Lumber Camp |
| 30:57 | Crear | Janissary ×5 |
| 31:02 | Crear | Hand Cannoneer ×2 |
| 31:09 | Construir | Archery Range |
| 31:28 | Crear | Villager (Male) |
| 31:29 | Crear | Villager (Male) |
| 32:16 | Construir | Mining Camp |
| 32:20 | Crear | Villager (Male) |
| 32:20 | Crear | Villager (Male) |
| 32:20 | Crear | Villager (Male) |
| 32:25 | Construir | House |
| 32:25 | Construir | House |
| 32:26 | Construir | House |
| 32:26 | Construir | House |
| 32:27 | Construir | House |
| 32:33 | Crear | Villager (Male) |
| 33:17 | Crear | Janissary ×3 |
| 33:45 | Crear | Villager (Male) |
| 33:45 | Crear | Villager (Male) |
| 33:46 | Crear | Villager (Male) |
| 34:29 | Crear | Villager (Male) |
| 34:29 | Crear | Villager (Male) |
| 34:29 | Crear | Villager (Male) |
| 34:30 | Crear | Villager (Male) |
| 34:36 | Crear | Bombard Cannon ×2 |
| 35:06 | Construir | Mining Camp |
| 35:47 | Crear | Monk |
| 35:53 | Crear | Villager (Male) |
| 35:53 | Crear | Villager (Male) |
| 35:53 | Crear | Villager (Male) |
| 35:53 | Crear | Villager (Male) |
| 35:53 | Crear | Villager (Male) |
| 36:30 | Crear | Villager (Male) |
| 36:30 | Crear | Villager (Male) |
| 36:31 | Crear | Villager (Male) |
| 36:42 | Construir | House |
| 36:42 | Construir | House |
| 36:43 | Construir | House |
| 36:44 | Construir | House |
| 36:44 | Construir | House |
| 36:45 | Construir | House |
| 37:15 | Crear | Hand Cannoneer ×3 |
| 38:12 | Construir | Castle |
| 39:01 | Crear | Janissary ×5 |
| 39:02 | Crear | Janissary ×2 |
| 40:06 | Construir | Mining Camp |
| 40:41 | Crear | Janissary ×5 |
| 40:49 | Crear | Janissary |
| 41:04 | Crear | Villager (Male) |
| 41:05 | Crear | Villager (Male) |
Build order — Sumerian
Primeras 150 de 175 acciones detectadas
| 0:07 | Construir | House |
| 0:09 | Investigar | Loom |
| 0:09 | Crear | Villager (Male) ×4 |
| 1:23 | Construir | House |
| 1:27 | Construir | House |
| 1:33 | Construir | Palisade Gate |
| 1:49 | Crear | Villager (Male) |
| 2:30 | Construir | House |
| 2:32 | Construir | House |
| 2:35 | Construir | House |
| 2:42 | Crear | Villager (Male) |
| 3:04 | Crear | Villager (Male) |
| 3:39 | Crear | Villager (Male) ×2 |
| 4:04 | Crear | Villager (Male) ×2 |
| 4:53 | Crear | Villager (Male) |
| 5:24 | Construir | Palisade Gate |
| 5:43 | Crear | Villager (Male) ×4 |
| 6:13 | Crear | Villager (Male) |
| 6:46 | Construir | Mill |
| 6:56 | Crear | Villager (Male) ×2 |
| 7:26 | Construir | Lumber Camp |
| 8:09 | Crear | Villager (Male) ×4 |
| 9:31 | Construir | Barracks |
| 10:45 | Investigar | Feudal Age |
| 11:12 | Construir | House |
| 11:16 | Construir | House |
| 11:20 | Construir | House |
| 11:34 | Construir | House |
| 11:39 | Construir | House |
| 11:49 | Construir | House |
| 11:53 | Construir | House |
| 12:27 | Construir | House |
| 12:31 | Construir | House |
| 12:32 | Construir | House |
| 12:33 | Construir | House |
| 12:34 | Construir | House |
| 12:36 | Construir | House |
| 12:55 | Edad | Edad Feudal |
| 13:05 | Construir | Watch Tower |
| 13:13 | Crear | Villager (Male) ×5 |
| 13:14 | Crear | Villager (Male) ×5 |
| 13:54 | Construir | Mill |
| 14:14 | Construir | Blacksmith |
| 14:29 | Construir | Mining Camp |
| 14:37 | Construir | Mining Camp |
| 15:05 | Construir | Market |
| 16:28 | Investigar | Fletching |
| 18:08 | Investigar | Castle Age |
| 18:25 | Construir | Farm |
| 18:26 | Construir | Farm |
| 18:26 | Construir | Farm |
| 18:54 | Construir | Farm |
| 19:14 | Construir | Farm |
| 19:15 | Construir | Farm |
| 19:15 | Construir | Farm |
| 19:16 | Construir | Farm |
| 19:16 | Construir | Farm |
| 19:25 | Construir | Farm |
| 19:41 | Construir | Farm |
| 19:57 | Investigar | Man-at-Arms (upgrade) |
| 20:42 | Investigar | Stone Mining |
| 20:42 | Investigar | Gold Mining |
| 20:48 | Edad | Edad de los Castillos |
| 20:57 | Construir | University |
| 21:00 | Crear | Villager (Male) |
| 21:29 | Construir | Farm |
| 21:31 | Crear | Villager (Male) ×2 |
| 22:01 | Construir | Farm |
| 22:13 | Crear | Villager (Male) ×3 |
| 22:31 | Investigar | Treadmill Crane |
| 22:59 | Crear | Villager (Male) ×3 |
| 23:10 | Construir | Town Center |
| 23:40 | Construir | Farm |
| 24:19 | Construir | Castle |
| 24:34 | Construir | Farm |
| 24:35 | Construir | Farm |
| 24:43 | Crear | Villager (Male) ×5 |
| 24:44 | Crear | Villager (Male) ×3 |
| 25:02 | Construir | Farm |
| 25:32 | Construir | Farm |
| 25:57 | Construir | Farm |
| 26:00 | Investigar | Forging |
| 26:01 | Investigar | Bodkin Arrow |
| 26:06 | Construir | Farm |
| 26:10 | Construir | Farm |
| 26:22 | Construir | Town Center |
| 27:14 | Construir | Stone Wall |
| 27:18 | Construir | Gate |
| 27:23 | Crear | Villager (Male) ×5 |
| 27:23 | Crear | Villager (Male) ×3 |
| 27:43 | Investigar | Horse Collar |
| 27:47 | Investigar | Double-Bit Axe |
| 27:59 | Construir | Farm |
| 28:36 | Crear | Mameluke ×4 |
| 28:44 | Construir | Farm |
| 28:44 | Construir | Farm |
| 28:50 | Crear | Villager (Male) ×2 |
| 28:50 | Crear | Villager (Male) ×2 |
| 29:28 | Crear | Mameluke ×2 |
| 29:52 | Construir | Farm |
| 29:53 | Construir | Farm |
| 31:03 | Crear | Villager (Male) ×5 |
| 31:03 | Crear | Villager (Male) ×5 |
| 31:03 | Crear | Villager (Male) ×5 |
| 31:08 | Construir | Farm |
| 31:17 | Construir | Farm |
| 31:21 | Construir | Farm |
| 31:25 | Investigar | Heavy Plow |
| 32:14 | Investigar | Scale Barding Armor |
| 32:14 | Investigar | Iron Casting |
| 32:30 | Construir | Farm |
| 32:30 | Construir | Farm |
| 32:31 | Construir | Farm |
| 32:33 | Construir | Farm |
| 32:34 | Construir | Farm |
| 32:34 | Construir | Farm |
| 33:04 | Construir | Farm |
| 33:25 | Construir | Farm |
| 33:28 | Investigar | Gold Shaft Mining |
| 33:45 | Crear | Villager (Male) ×5 |
| 33:46 | Crear | Villager (Male) ×5 |
| 33:46 | Crear | Villager (Male) ×2 |
| 33:51 | Construir | Farm |
| 35:09 | Construir | Mining Camp |
| 35:31 | Investigar | Imperial Age |
| 35:42 | Construir | Archery Range |
| 35:47 | Construir | Archery Range |
| 35:48 | Construir | Archery Range |
| 35:51 | Construir | Archery Range |
| 35:57 | Construir | Mining Camp |
| 36:40 | Construir | Mill |
| 37:14 | Investigar | Elite Skirmisher (upgrade) |
| 37:14 | Investigar | Thumb Ring |
| 37:17 | Investigar | Padded Archer Armor |
| 37:23 | Construir | House |
| 37:24 | Construir | House |
| 37:25 | Construir | House |
| 37:26 | Construir | House |
| 37:28 | Construir | House |
| 37:29 | Construir | House |
| 37:31 | Construir | House |
| 37:31 | Construir | House |
| 37:32 | Construir | House |
| 37:33 | Construir | House |
| 37:34 | Construir | House |
| 37:35 | Construir | House |
| 38:41 | Edad | Edad Imperial |
| 38:46 | Construir | Castle |
| 38:57 | Crear | Skirmisher ×5 |
| 38:58 | Crear | Skirmisher ×5 |
Build order — mcasarico2021
Primeras 150 de 370 acciones detectadas
| 0:01 | Crear | Villager (Male) |
| 0:01 | Crear | Villager (Male) |
| 0:01 | Crear | Villager (Male) |
| 0:04 | Construir | House |
| 0:06 | Construir | House |
| 0:25 | Crear | Villager (Male) |
| 1:38 | Crear | Villager (Male) |
| 1:46 | Construir | Lumber Camp |
| 1:50 | Crear | Villager (Male) |
| 2:39 | Crear | Villager (Male) |
| 2:40 | Crear | Villager (Male) |
| 3:04 | Crear | Villager (Male) |
| 3:32 | Crear | Villager (Male) |
| 3:32 | Crear | Villager (Male) |
| 4:02 | Crear | Villager (Male) |
| 4:02 | Crear | Villager (Male) |
| 4:10 | Construir | House |
| 4:59 | Crear | Villager (Male) |
| 4:59 | Crear | Villager (Male) |
| 5:48 | Crear | Villager (Male) |
| 5:49 | Crear | Villager (Male) |
| 6:36 | Crear | Villager (Male) |
| 6:47 | Investigar | Loom |
| 7:08 | Construir | Mill |
| 7:33 | Investigar | Feudal Age |
| 7:57 | Construir | House |
| 8:48 | Construir | Barracks |
| 8:56 | Construir | Palisade Gate |
| 9:43 | Edad | Edad Feudal |
| 9:43 | Crear | Villager (Male) |
| 9:50 | Construir | Stable |
| 9:56 | Construir | Palisade Wall |
| 10:03 | Crear | Villager (Male) |
| 10:08 | Investigar | Double-Bit Axe |
| 10:28 | Crear | Villager (Male) |
| 10:53 | Construir | Archery Range |
| 10:55 | Crear | Scout Cavalry |
| 10:55 | Crear | Scout Cavalry |
| 10:59 | Crear | Scout Cavalry |
| 11:13 | Crear | Villager (Male) |
| 11:14 | Crear | Villager (Male) |
| 11:15 | Crear | Villager (Male) |
| 11:21 | Construir | House |
| 11:25 | Construir | House |
| 11:37 | Crear | Archer |
| 11:50 | Construir | House |
| 11:58 | Crear | Villager (Male) |
| 12:24 | Crear | Villager (Male) |
| 12:42 | Construir | Farm |
| 12:45 | Construir | Farm |
| 12:47 | Construir | Farm |
| 13:08 | Construir | Mining Camp |
| 13:12 | Crear | Villager (Male) |
| 13:22 | Construir | Farm |
| 13:53 | Crear | Villager (Male) |
| 13:59 | Construir | Farm |
| 14:05 | Crear | Villager (Male) |
| 14:08 | Construir | Farm |
| 14:48 | Crear | Archer |
| 14:55 | Crear | Villager (Male) |
| 14:57 | Crear | Villager (Male) |
| 15:07 | Construir | Market |
| 15:37 | Crear | Villager (Male) |
| 16:05 | Crear | Villager (Male) |
| 16:47 | Investigar | Castle Age |
| 17:14 | Construir | Farm |
| 17:18 | Construir | Farm |
| 18:42 | Construir | House |
| 18:48 | Construir | House |
| 18:50 | Construir | House |
| 18:53 | Construir | House |
| 19:20 | Construir | Farm |
| 19:21 | Construir | Farm |
| 19:23 | Construir | Farm |
| 19:26 | Construir | Farm |
| 19:27 | Edad | Edad de los Castillos |
| 19:30 | Crear | Villager (Male) |
| 19:30 | Crear | Villager (Male) |
| 19:30 | Crear | Villager (Male) |
| 19:44 | Construir | Town Center |
| 20:04 | Investigar | Gold Mining |
| 20:15 | Crear | Villager (Male) |
| 20:29 | Construir | Town Center |
| 20:32 | Investigar | Horse Collar |
| 20:54 | Crear | Villager (Male) |
| 20:55 | Crear | Villager (Male) |
| 21:27 | Crear | Steppe Lancer |
| 21:28 | Crear | Steppe Lancer |
| 21:53 | Crear | Villager (Male) |
| 21:53 | Crear | Villager (Male) |
| 21:53 | Crear | Villager (Male) |
| 22:05 | Construir | Blacksmith |
| 22:12 | Construir | Lumber Camp |
| 22:21 | Crear | Villager (Male) |
| 22:26 | Crear | Steppe Lancer |
| 22:45 | Crear | Villager (Male) |
| 22:46 | Crear | Villager (Male) |
| 22:46 | Crear | Villager (Male) |
| 23:07 | Crear | Villager (Male) |
| 23:07 | Crear | Villager (Male) |
| 23:12 | Construir | Farm |
| 23:12 | Construir | Farm |
| 23:12 | Construir | Farm |
| 23:13 | Construir | Farm |
| 23:13 | Construir | Farm |
| 23:13 | Construir | Farm |
| 23:13 | Construir | Farm |
| 23:21 | Crear | Villager (Male) |
| 23:21 | Crear | Villager (Male) |
| 23:21 | Crear | Villager (Male) |
| 23:21 | Crear | Villager (Male) |
| 23:22 | Crear | Villager (Male) |
| 23:22 | Crear | Villager (Male) |
| 23:59 | Crear | Villager (Male) |
| 24:00 | Crear | Villager (Male) |
| 24:00 | Crear | Villager (Male) |
| 24:00 | Crear | Villager (Male) |
| 24:10 | Crear | Villager (Male) |
| 24:10 | Crear | Villager (Male) |
| 24:10 | Crear | Villager (Male) |
| 24:11 | Crear | Villager (Male) |
| 24:15 | Crear | Villager (Male) |
| 24:17 | Construir | Farm |
| 24:26 | Construir | Mill |
| 24:29 | Construir | Farm |
| 24:29 | Construir | Farm |
| 24:29 | Construir | Farm |
| 24:29 | Construir | Farm |
| 24:30 | Construir | Farm |
| 24:34 | Crear | Villager (Male) |
| 24:34 | Crear | Villager (Male) |
| 25:13 | Crear | Villager (Male) |
| 25:13 | Crear | Villager (Male) |
| 25:14 | Crear | Villager (Male) |
| 25:15 | Crear | Villager (Male) |
| 25:20 | Construir | House |
| 25:20 | Construir | House |
| 25:21 | Construir | House |
| 25:21 | Construir | House |
| 25:22 | Construir | House |
| 25:34 | Construir | House |
| 25:34 | Construir | House |
| 25:34 | Construir | House |
| 25:34 | Construir | House |
| 25:35 | Construir | House |
| 25:35 | Construir | House |
| 25:35 | Construir | House |
| 25:38 | Crear | Villager (Male) |
| 25:38 | Crear | Villager (Male) |
| 25:58 | Construir | Archery Range |
Build order — ageofscarlet
100 acciones detectadas en el replay
| 0:01 | Crear | Villager (Male) |
| 0:01 | Crear | Villager (Male) |
| 0:03 | Construir | House |
| 0:05 | Construir | House |
| 1:21 | Crear | Villager (Male) |
| 1:22 | Crear | Villager (Male) |
| 1:22 | Crear | Villager (Male) |
| 1:22 | Crear | Villager (Male) |
| 1:23 | Crear | Villager (Male) |
| 1:45 | Crear | Villager (Male) |
| 1:56 | Construir | Lumber Camp |
| 2:09 | Crear | Villager (Male) |
| 2:09 | Crear | Villager (Male) |
| 2:48 | Crear | Villager (Male) |
| 3:17 | Crear | Villager (Male) |
| 3:17 | Crear | Villager (Male) |
| 3:41 | Construir | House |
| 3:47 | Construir | House |
| 3:52 | Crear | Villager (Male) |
| 4:37 | Crear | Villager (Male) |
| 4:38 | Crear | Villager (Male) |
| 4:55 | Construir | Palisade Wall |
| 5:09 | Construir | Palisade Gate |
| 5:12 | Crear | Villager (Male) |
| 5:41 | Crear | Villager (Male) |
| 5:41 | Crear | Villager (Male) |
| 5:42 | Crear | Villager (Male) |
| 5:42 | Crear | Villager (Male) |
| 6:45 | Crear | Villager (Male) |
| 6:53 | Construir | Mill |
| 7:39 | Crear | Villager (Male) |
| 7:43 | Crear | Villager (Male) |
| 7:43 | Crear | Villager (Male) |
| 7:44 | Crear | Villager (Male) |
| 7:44 | Crear | Villager (Male) |
| 7:44 | Crear | Villager (Male) |
| 7:45 | Crear | Villager (Male) |
| 7:57 | Construir | House |
| 7:58 | Construir | House |
| 9:36 | Investigar | Feudal Age |
| 10:07 | Construir | House |
| 10:13 | Construir | Barracks |
| 10:43 | Construir | Mining Camp |
| 12:01 | Edad | Edad Feudal |
| 12:02 | Investigar | Loom |
| 12:03 | Crear | Villager (Male) |
| 12:11 | Construir | Stable |
| 12:22 | Investigar | Double-Bit Axe |
| 12:58 | Crear | Villager (Male) |
| 12:58 | Crear | Villager (Male) |
| 13:00 | Crear | Villager (Male) |
| 13:40 | Construir | Blacksmith |
| 13:54 | Investigar | Castle Age |
| 13:55 | Investigar | Castle Age |
| 14:08 | Construir | Mining Camp |
| 14:16 | Investigar | Stone Mining |
| 14:21 | Investigar | Bloodlines |
| 14:55 | Construir | Farm |
| 14:56 | Construir | Farm |
| 14:56 | Construir | Farm |
| 14:56 | Construir | Farm |
| 15:01 | Construir | Farm |
| 15:36 | Crear | Spearman |
| 15:36 | Crear | Spearman |
| 16:10 | Crear | Villager (Male) |
| 16:30 | Crear | Spearman |
| 16:35 | Crear | Spearman |
| 16:53 | Edad | Edad de los Castillos |
| 17:17 | Construir | Castle |
| 17:40 | Crear | Camel Scout |
| 17:41 | Crear | Camel Scout |
| 18:37 | Crear | Villager (Male) |
| 18:37 | Crear | Villager (Male) |
| 18:37 | Crear | Villager (Male) |
| 18:38 | Crear | Villager (Male) |
| 18:43 | Construir | Farm |
| 18:43 | Construir | Farm |
| 19:28 | Crear | Ghulam |
| 19:28 | Crear | Ghulam |
| 19:33 | Crear | Ghulam |
| 19:37 | Crear | Ghulam |
| 20:22 | Construir | Mining Camp |
| 21:14 | Investigar | Squires |
| 21:28 | Investigar | Fletching |
| 21:31 | Crear | Villager (Male) |
| 21:31 | Crear | Villager (Male) |
| 21:31 | Crear | Villager (Male) |
| 21:31 | Crear | Villager (Male) |
| 21:32 | Crear | Villager (Male) |
| 22:06 | Construir | Farm |
| 22:12 | Construir | Town Center |
| 22:18 | Investigar | Gold Mining |
| 22:30 | Investigar | Horse Collar |
| 22:30 | Investigar | Horse Collar |
| 23:15 | Construir | Farm |
| 23:15 | Construir | Farm |
| 23:20 | Crear | Villager (Male) |
| 23:20 | Crear | Villager (Male) |
| 23:24 | Crear | Villager (Male) |
| 23:25 | Crear | Villager (Male) |
Build order — chairtablelamp
Primeras 150 de 315 acciones detectadas
| 0:00 | Crear | Villager (Male) |
| 0:01 | Crear | Villager (Male) |
| 0:03 | Construir | House |
| 0:04 | Construir | House |
| 0:12 | Crear | Villager (Male) |
| 0:12 | Crear | Villager (Male) |
| 0:12 | Crear | Villager (Male) |
| 1:30 | Crear | Villager (Male) |
| 2:07 | Crear | Villager (Male) |
| 2:07 | Crear | Villager (Male) |
| 2:44 | Crear | Villager (Male) |
| 2:49 | Crear | Villager (Male) |
| 3:37 | Crear | Villager (Male) |
| 3:38 | Crear | Villager (Male) |
| 3:38 | Crear | Villager (Male) |
| 3:48 | Construir | House |
| 3:54 | Construir | Palisade Gate |
| 4:19 | Crear | Villager (Male) |
| 4:20 | Crear | Villager (Male) |
| 4:42 | Crear | Villager (Male) |
| 5:07 | Construir | House |
| 5:09 | Crear | Villager (Male) |
| 5:29 | Construir | Lumber Camp |
| 5:33 | Crear | Villager (Male) |
| 5:49 | Construir | Palisade Wall |
| 5:51 | Construir | Palisade Wall |
| 6:12 | Crear | Villager (Male) |
| 6:17 | Construir | Palisade Wall |
| 6:31 | Construir | Mill |
| 7:02 | Construir | Palisade Gate |
| 7:07 | Investigar | Loom |
| 7:20 | Construir | Mining Camp |
| 7:37 | Investigar | Feudal Age |
| 7:57 | Crear | Villager (Male) |
| 8:27 | Construir | House |
| 9:35 | Crear | Villager (Male) |
| 9:57 | Edad | Edad Feudal |
| 10:02 | Construir | Watch Tower |
| 10:11 | Crear | Villager (Male) |
| 10:52 | Construir | Blacksmith |
| 10:56 | Crear | Villager (Male) |
| 11:15 | Crear | Villager (Male) |
| 11:25 | Crear | Villager (Male) |
| 11:33 | Crear | Villager (Male) |
| 11:55 | Investigar | Fletching |
| 12:15 | Construir | Watch Tower |
| 12:18 | Crear | Villager (Male) |
| 12:23 | Crear | Villager (Male) |
| 12:40 | Crear | Villager (Male) |
| 12:51 | Crear | Villager (Male) |
| 13:03 | Construir | House |
| 13:04 | Construir | House |
| 13:54 | Crear | Villager (Male) |
| 13:56 | Construir | Farm |
| 13:58 | Construir | Farm |
| 13:59 | Investigar | Double-Bit Axe |
| 14:01 | Investigar | Horse Collar |
| 14:17 | Construir | Watch Tower |
| 14:46 | Crear | Villager (Male) |
| 14:48 | Construir | Farm |
| 14:50 | Construir | Farm |
| 14:56 | Construir | Mining Camp |
| 15:08 | Crear | Villager (Male) |
| 15:10 | Construir | Farm |
| 15:37 | Crear | Villager (Male) |
| 15:40 | Construir | Farm |
| 15:54 | Crear | Villager (Male) |
| 16:06 | Construir | Farm |
| 16:11 | Construir | Market |
| 16:31 | Construir | Watch Tower |
| 16:37 | Crear | Villager (Male) |
| 16:46 | Construir | Farm |
| 16:48 | Construir | Farm |
| 16:51 | Construir | House |
| 16:53 | Construir | House |
| 17:15 | Crear | Villager (Male) |
| 17:19 | Construir | Farm |
| 17:32 | Crear | Villager (Male) |
| 17:51 | Crear | Villager (Male) |
| 18:01 | Crear | Villager (Male) |
| 18:04 | Construir | Farm |
| 18:48 | Construir | Mining Camp |
| 18:50 | Crear | Villager (Male) |
| 18:55 | Investigar | Castle Age |
| 19:28 | Construir | Watch Tower |
| 19:33 | Crear | Villager (Male) |
| 19:36 | Construir | Farm |
| 20:05 | Construir | House |
| 20:09 | Construir | House |
| 20:13 | Construir | House |
| 20:16 | Construir | House |
| 20:21 | Construir | House |
| 20:24 | Crear | Villager (Male) |
| 20:42 | Construir | Barracks |
| 20:44 | Investigar | Forging |
| 20:45 | Investigar | Scale Mail Armor |
| 21:37 | Edad | Edad de los Castillos |
| 21:41 | Investigar | Bodkin Arrow |
| 21:49 | Construir | Barracks |
| 21:52 | Construir | Barracks |
| 21:57 | Investigar | Squires |
| 22:04 | Crear | Fire Lancer |
| 22:05 | Crear | Fire Lancer |
| 22:06 | Crear | Villager (Male) |
| 22:17 | Crear | Villager (Male) |
| 22:20 | Construir | Farm |
| 22:34 | Investigar | Bow Saw |
| 23:20 | Construir | Outpost |
| 23:32 | Crear | Villager (Male) |
| 23:42 | Construir | Town Center |
| 23:54 | Construir | Town Center |
| 23:56 | Crear | Villager (Male) |
| 24:00 | Construir | Outpost |
| 24:01 | Investigar | Town Watch |
| 24:08 | Investigar | Arson |
| 24:20 | Crear | Fire Lancer |
| 24:20 | Crear | Fire Lancer |
| 24:20 | Crear | Fire Lancer |
| 24:24 | Crear | Villager (Male) |
| 24:25 | Crear | Villager (Male) |
| 24:29 | Crear | Villager (Male) |
| 24:32 | Crear | Villager (Male) |
| 24:43 | Construir | Outpost |
| 24:48 | Crear | Villager (Male) |
| 25:01 | Crear | Fire Lancer |
| 25:01 | Crear | Fire Lancer |
| 25:04 | Crear | Villager (Male) |
| 25:11 | Construir | Farm |
| 25:12 | Construir | Farm |
| 25:13 | Construir | Farm |
| 25:18 | Construir | Outpost |
| 25:23 | Crear | Villager (Male) |
| 25:23 | Crear | Villager (Male) |
| 25:36 | Construir | Farm |
| 25:44 | Construir | Farm |
| 25:46 | Construir | Farm |
| 25:55 | Construir | Outpost |
| 25:57 | Crear | Villager (Male) |
| 26:02 | Construir | Farm |
| 26:15 | Crear | Villager (Male) |
| 26:24 | Construir | Outpost |
| 26:24 | Crear | Villager (Male) |
| 26:27 | Construir | Farm |
| 26:29 | Construir | Farm |
| 26:51 | Crear | Villager (Male) |
| 26:51 | Crear | Villager (Male) |
| 26:53 | Construir | Lumber Camp |
| 26:53 | Crear | Villager (Male) |
| 26:56 | Construir | Farm |
| 27:07 | Construir | Outpost |
Cronología de la partida
| 3:48 | Javier137649 · wall_segment Palisade Wall x4 |
| 4:55 | ageofscarlet · wall_segment Palisade Wall x12 |
| 5:49 | chairtablelamp · wall_segment Palisade Wall x1 |
| 5:51 | chairtablelamp · wall_segment Palisade Wall x1 |
| 6:17 | chairtablelamp · wall_segment Palisade Wall x1 |
| 6:34 | akatrikh · wall_segment Palisade Wall x1 |
| 6:35 | akatrikh · wall_segment Palisade Wall x1 |
| 8:07 | [512] kdyer3827 · wall_segment Palisade Wall x3 |
| 8:11 | [512] kdyer3827 · wall_segment Palisade Wall x1 |
| 8:48 | mcasarico2021 · first_building Barracks |
| 9:21 | [512] kdyer3827 · wall_segment Palisade Wall x1 |
| 9:29 | akatrikh · first_building Barracks |
| 9:31 | Sumerian · first_building Barracks |
| 9:43 | mcasarico2021 · age_up feudal |
| 9:50 | mcasarico2021 · first_building Stable |
| 9:56 | mcasarico2021 · wall_segment Palisade Wall x1 |
| 9:57 | chairtablelamp · age_up feudal |
| 10:02 | akatrikh · age_up feudal |
| 10:13 | ageofscarlet · first_building Barracks |
| 10:53 | mcasarico2021 · first_building Archery Range |
| 10:56 | [512] kdyer3827 · first_building Barracks |
| 11:02 | Daedalus · age_up feudal |
| 12:01 | ageofscarlet · age_up feudal |
| 12:07 | Daedalus · wall_segment Stone Wall x7 |
| 12:11 | ageofscarlet · first_building Stable |
| 12:55 | Sumerian · age_up feudal |
| 12:59 | [512] kdyer3827 · age_up feudal |
| 13:56 | akatrikh · first_market_sell 100 wood |
| 13:58 | akatrikh · first_market_buy 100 food |
| 14:36 | Daedalus · first_market_sell 100 wood |
| 14:44 | akatrikh · first_building Archery Range |
| 14:48 | Javier137649 · wall_segment Stone Wall x4 |
| 15:04 | Javier137649 · wall_segment Stone Wall x11 |
| 15:27 | Daedalus · first_building Barracks |
| 16:10 | Sumerian · first_market_sell 500 wood |
| 16:11 | Sumerian · first_market_buy 500 food |
| 16:31 | mcasarico2021 · first_market_sell 100 wood |
| 16:40 | akatrikh · age_up castle |
| 16:40 | Javier137649 · first_building Barracks |
| 16:53 | ageofscarlet · age_up castle |
| 17:06 | Daedalus · wall_segment Stone Wall x22 |
| 17:17 | ageofscarlet · first_building Castle |
| 17:18 | Daedalus · first_market_buy 100 stone |
| 17:31 | Daedalus · age_up castle |
| 17:44 | Javier137649 · wall_segment Stone Wall x3 |
| 17:46 | [512] kdyer3827 · age_up castle |
| 18:45 | Javier137649 · first_building Archery Range |
| 18:54 | chairtablelamp · first_market_sell 100 wood |
| 19:24 | Javier137649 · first_building Castle |
| 19:27 | mcasarico2021 · age_up castle |
| 20:13 | [512] kdyer3827 · first_building Castle |
| 20:42 | chairtablelamp · first_building Barracks |
| 20:48 | Sumerian · age_up castle |
| 20:58 | akatrikh · first_building Monastery |
| 21:37 | chairtablelamp · age_up castle |
| 21:38 | Javier137649 · first_building Siege Workshop |
| 22:01 | Javier137649 · wall_segment Stone Wall x6 |
| 22:02 | akatrikh · first_building Castle |
| 22:31 | Daedalus · first_building Monastery |
| 22:31 | chairtablelamp · first_market_buy 100 food |
| 22:38 | Javier137649 · first_market_buy 100 wood |
| 22:42 | [512] kdyer3827 · first_building Archery Range |
| 23:17 | akatrikh · first_building Siege Workshop |
| 23:41 | Javier137649 · wall_segment Palisade Wall x1 |
| 23:42 | [512] kdyer3827 · first_market_buy 100 stone |
| 23:47 | [512] kdyer3827 · first_market_sell 100 wood |
| 24:04 | Javier137649 · wall_segment Palisade Wall x3 |
| 24:05 | Javier137649 · wall_segment Palisade Wall x2 |
| 24:19 | Sumerian · first_building Castle |
| 24:23 | Javier137649 · wall_segment Palisade Wall x1 |
| 25:11 | Javier137649 · wall_segment Stone Wall x7 |
| 25:27 | [512] kdyer3827 · tribute_sent a jugador 1 |
| 25:27 | [512] kdyer3827 · tribute_sent a jugador 3 |
| 25:27 | [512] kdyer3827 · tribute_sent a jugador 4 |
| 25:27 | [512] kdyer3827 · tribute_sent a jugador 5 |
| 25:27 | [512] kdyer3827 · tribute_sent a jugador 6 |
| 25:27 | [512] kdyer3827 · tribute_sent a jugador 7 |
| 25:27 | [512] kdyer3827 · tribute_sent a jugador 8 |
| 25:40 | ageofscarlet · resign |
| 25:41 | [512] kdyer3827 · first_building Siege Workshop |
| 26:35 | Daedalus · first_building Castle |
| 27:12 | akatrikh · wall_segment Stone Wall x6 |
| 27:14 | Sumerian · wall_segment Stone Wall x17 |
| 28:03 | akatrikh · age_up imperial |
| 28:17 | [512] kdyer3827 · tribute_sent a jugador 1 |
| 28:17 | [512] kdyer3827 · tribute_sent a jugador 3 |
| 28:17 | [512] kdyer3827 · tribute_sent a jugador 4 |
| 28:17 | [512] kdyer3827 · tribute_sent a jugador 5 |
| 28:17 | [512] kdyer3827 · tribute_sent a jugador 6 |
| 28:17 | [512] kdyer3827 · tribute_sent a jugador 7 |
| 28:17 | [512] kdyer3827 · tribute_sent a jugador 8 |
| 29:30 | mcasarico2021 · first_building Monastery |
| 29:44 | Javier137649 · first_market_sell 100 stone |
| 30:07 | Daedalus · age_up imperial |
| 30:40 | mcasarico2021 · tribute_sent a jugador 1 |
| 30:40 | mcasarico2021 · tribute_sent a jugador 2 |
| 30:40 | mcasarico2021 · tribute_sent a jugador 3 |
| 30:40 | mcasarico2021 · tribute_sent a jugador 4 |
| 30:40 | mcasarico2021 · tribute_sent a jugador 5 |
| 30:40 | mcasarico2021 · tribute_sent a jugador 7 |
| 30:40 | mcasarico2021 · tribute_sent a jugador 8 |
| 30:42 | Javier137649 · first_building Monastery |
| 30:52 | Daedalus · first_building Stable |
| 31:41 | Javier137649 · wall_segment Stone Wall x7 |
| 32:38 | Javier137649 · wall_segment Stone Wall x8 |
| 32:43 | Javier137649 · wall_segment Stone Wall x18 |
| 32:44 | chairtablelamp · first_building Monastery |
| 34:03 | Javier137649 · wall_segment Stone Wall x11 |
| 34:18 | mcasarico2021 · age_up imperial |
| 34:40 | mcasarico2021 · first_market_buy 100 stone |
| 34:45 | Javier137649 · wall_segment Palisade Wall x6 |
| 34:57 | chairtablelamp · first_building Castle |
| 35:07 | mcasarico2021 · first_building Castle |
| 35:42 | Sumerian · first_building Archery Range |
| 36:55 | chairtablelamp · age_up imperial |
| 37:39 | Daedalus · wall_segment Stone Wall x4 |
| 38:41 | Sumerian · age_up imperial |
| 41:43 | [512] kdyer3827 · age_up imperial |
[ ANÁLISIS IA · 1 CRÉDITO ]
¿Qué pasó realmente en esta partida?
Wolo.gg analiza cada decisión: build order, eco, micro, errores típicos por bracket. Análisis personalizado por WhatsApp o Discord en 30 segundos.
Guía civ
Francos
Perfil
Jugador #2159654